Map: [ESL] Oceanborn

Players

Classic

  • Race: Protoss Protoss
  • Spawn Location: 5:00

DRG - Winner!

  • Race: Zerg Zerg
  • Spawn Location: 11:00

Event: IEM Katowice 2024

VOD

Have the link to the VOD?

Description

Time

  • Played on: Dec. 9, 2023, 8:48 p.m.
  • Length: 14:21

All games in this series

Show
View Real Time Build Order
Export as new Build Order

Classic Protoss 

Build Orders: 1 Gate Expand, Oracle Opening 

Get SALT Encoding   

  12  0:00  Probe  
  13  0:13  Pylon  
  13  0:17  Probe (Chrono Boost)  
  14  0:27  Probe (Chrono Boost)  
  15  0:32  Probe (Chrono Boost)  
  16  0:38  Gateway  
  16  0:44  Probe  
  16  0:48  Assimilator  
  17  0:56  Probe  
  18  1:08  Probe  
  19  1:20  Probe  
  20  1:27  Nexus  
  20  1:32  Probe  
  21  1:39  Cybernetics Core  
  21  1:44  Probe  
  22  1:47  Assimilator  
  22  1:54  Pylon  
  22  1:57  Probe  
  23  2:12  Adept (Chrono Boost), Probe  
  26  2:17  Stargate  
  26  2:24  Probe (Chrono Boost)  
  26  2:26  Warp Gate  
  27  2:35  Probe (Chrono Boost)  
  30  2:41  Probe (Chrono Boost)  
  30  2:42  Stalker  
  32  2:44  Probe (Chrono Boost)  
  32  2:48  Probe (Chrono Boost)  
  34  2:52  Probe (Chrono Boost)  
  34  2:53  Probe (Chrono Boost)  
  35  3:01  Oracle (Chrono Boost)  
  35  3:02  Probe  
  35  3:05  Probe  
  40  3:09  Pylon  
  40  3:14  Probe  
  40  3:17  Probe  
  42  3:23  Adept  
  42  3:26  Probe  
  45  3:29  Probe  
  44  3:34  Oracle (Chrono Boost)  
  44  3:37  Gateway  
  44  3:39  Probe  
  48  3:41  Probe  
  48  3:47  Pylon  
  49  3:51  Probe  
  49  3:53  Probe  
  51  4:00  Nexus  
  51  4:03  Probe  
  51  4:04  Assimilator  
  51  4:05  Oracle (Chrono Boost), Probe  
  56  4:12  Assimilator  
  56  4:13  Pylon  
  56  4:18  Probe x2  
  56  4:22  Adept  
  58  4:31  Adept  
  58  4:32  Pylon  
  58  4:34  Probe  
  58  4:35  Probe  
  62  4:41  Twilight Council  
  62  4:44  Forge  
  62  4:50  Gateway x2, Probe  
  63  4:55  Probe  
  64  5:02  Gateway, Probe  
  64  5:03  Gateway, Protoss Ground Weapons Level 1 (Chrono Boost), Pylon  
  65  5:12  Probe x2 (Chrono Boost)  
  67  5:15  Blink (Chrono Boost)  
  68  5:21  Probe (Chrono Boost)  
  68  5:23  Probe x2 (Chrono Boost)  
  68  5:28  Probe x3 (Chrono Boost)  
  71  5:32  Stalker  
  71  5:33  Stalker  
  77  5:36  Shield Battery  
  77  5:38  Probe x2  
  77  5:39  Probe  
  77  5:41  Pylon  
  80  5:50  Probe x2  
  80  5:52  Assimilator x2, Probe  
  83  6:06  Fleet Beacon, Stargate  
  83  6:09  Stalker x3  
  85  6:11  Pylon  
  85  6:17  Stalker  
  87  6:18  Pylon  
  87  6:23  Pylon  
  87  6:24  Stalker, Probe x3  
  87  6:25  Stalker  
  94  6:33  Stalker x3  
  100  6:45  Stalker  
  102  6:50  Stalker  
  102  6:52  Stalker  
  99  7:04  Probe x3  
  99  7:08  Carrier (Chrono Boost)  
  102  7:09  Carrier (Chrono Boost)  
  114  7:18  Pylon  
  114  7:27  Probe x2  
  114  7:29  Stalker x2  
  114  7:33  Protoss Ground Weapons Level 2  
  114  7:34  Charge  
  114  7:42  Pylon  
  114  7:45  Nexus  
  114  7:47  Zealot  
  114  7:48  Zealot x3  
  122  7:51  Photon Cannon  
  122  8:01  Shield Battery  
  122  8:04  Pylon  
  134  8:19  Stalker x3  
  136  8:25  Phoenix (Chrono Boost)  
  136  8:26  Protoss Air Weapons Level 1, Phoenix  
  121  8:27  Anion Pulse-Crystals  
  121  8:28  Probe x2  
  121  8:29  Probe  
  121  8:30  Photon Cannon  
  124  8:38  Photon Cannon  
  124  8:40  Probe x2  
  124  8:41  Probe  
  127  8:42  Stalker  
  127  8:43  Stalker  
  127  8:46  Stalker x2  
  124  8:50  Zealot x2  
  124  8:53  Probe  
  105  8:56  Phoenix  
  105  8:58  Phoenix  
  101  9:08  Zealot x2  
  104  9:21  Phoenix (Chrono Boost)  
  104  9:23  Phoenix (Chrono Boost)  
  108  9:24  Nexus  
  108  9:27  Pylon  
  108  9:30  Shield Battery  
  108  9:31  Pylon  
  108  9:33  Stalker  
  108  9:34  Stalker  
  112  9:43  Sentry  
  112  9:45  Phoenix x2 (Chrono Boost)  
  118  9:47  Probe x2  
  118  9:48  Probe  
  118  9:52  Zealot  
  123  9:57  Shield Battery  
  123  9:59  Pylon  
  123  10:01  Robotics Facility  
  123  10:04  Phoenix (Chrono Boost)  
  125  10:07  Phoenix (Chrono Boost)  
  125  10:08  Probe  
  125  10:13  Zealot x2  
  132  10:16  Zealot  
  132  10:21  Zealot x2  
  133  10:26  Zealot  
  130  10:34  Nexus  
  128  10:42  Pylon  
  110  10:57  Zealot x2  
  110  10:58  Zealot x4  
  121  11:06  Phoenix x2  
  123  11:23  Templar Archives  
  123  11:26  Probe x3  
  123  11:28  Zealot  
  123  11:30  Shield Battery  
  123  11:32  Zealot x5  
  138  11:35  Observer (Chrono Boost)  
  139  11:40  Probe x3  
  139  11:43  Pylon  
  139  11:46  Gateway  
  142  11:48  Gateway  
  142  11:56  Assimilator  
  142  11:58  Assimilator  
  142  12:01  Zealot x2  
  145  12:03  Zealot x2  
  145  12:04  Zealot  
  125  12:13  Zealot  
  123  12:22  Forge  
  121  12:23  Shield Battery  
  121  12:24  High Templar x2  
  121  12:25  High Templar x3  
  129  12:32  Archon, Assimilator  
  129  12:33  Archon  
  129  12:34  Pylon  
  129  12:36  Shield Battery  
  129  12:41  High Templar x2  
  129  12:43  High Templar  
  135  12:47  Archon  
  135  12:57  Zealot x5  
  141  12:58  Carrier x2 (Chrono Boost)  
  141  12:59  Archon  
  141  13:04  Probe x3  
  141  13:05  Probe  
  155  13:10  Immortal (Chrono Boost)  
  152  13:17  Robotics Facility  
  156  13:30  High Templar  
  156  13:31  High Templar x2  
  156  13:32  High Templar x3  
  156  13:33  Zealot x2  
  172  13:35  Pylon  
  172  13:36  Archon x2  
  172  13:37  Pylon  
  172  13:38  Archon  
  146  13:57  Zealot x2  
  105  14:03  Zealot x3  
  91  14:10  Zealot x3  
Show
View Real Time Build Order
Export as new Build Order

DRG Zerg - Winner!

Build Orders: Hatch First 

Get SALT Encoding   

  12  0:00  Drone  
  13  0:11  Overlord  
  13  0:16  Drone  
  14  0:29  Drone x2  
  14  0:33  Drone  
  17  0:51  Hatchery  
  17  0:54  Drone  
  18  0:57  Drone  
  18  1:05  Drone  
  18  1:08  Extractor  
  18  1:14  Spawning Pool  
  18  1:18  Drone  
  18  1:28  Drone  
  19  1:38  Drone  
  20  1:48  Drone  
  21  1:59  Overlord  
  21  2:02  Queen  
  21  2:03  Queen  
  21  2:04  Drone  
  21  2:07  Metabolic Boost  
  26  2:10  Zergling x2  
  26  2:14  Zergling x2  
  28  2:20  Drone  
  29  2:24  Zergling x2  
  30  2:31  Drone  
  30  2:36  Drone  
  32  2:38  Queen  
  34  2:45  Hatchery  
  34  2:51  Overlord  
  33  2:52  Drone  
  34  2:59  Drone  
  34  3:02  Overlord  
  35  3:12  Drone  
  35  3:13  Queen  
  35  3:14  Drone  
  35  3:18  Drone  
  38  3:20  Drone  
  38  3:22  Queen  
  38  3:25  Drone  
  42  3:28  Drone  
  42  3:30  Drone x2  
  45  3:35  Overlord  
  45  3:40  Drone  
  46  3:44  Zergling x6  
  46  3:45  Overlord  
  49  3:49  Evolution Chamber  
  49  3:52  Queen  
  50  4:01  Drone  
  50  4:02  Drone x2  
  53  4:04  Zergling x4  
  53  4:06  Spore Crawler  
  53  4:07  Queen  
  56  4:12  Drone  
  56  4:13  Drone  
  56  4:15  Drone  
  59  4:22  Zerg Melee Weapons Level 1  
  59  4:23  Drone x4  
  62  4:27  Extractor x2  
  59  4:36  Drone  
  60  4:38  Drone x5  
  60  4:42  Overlord  
  60  4:43  Spore Crawler  
  60  4:45  Overlord  
  66  4:51  Overlord  
  66  4:59  Overlord  
  66  5:02  Drone  
  66  5:03  Drone x4, Hatchery  
  70  5:09  Drone x2  
  70  5:10  Zergling x6  
  70  5:13  Lair  
  72  5:18  Roach Warren  
  72  5:19  Drone x2  
  72  5:21  Drone  
  74  5:22  Drone x2  
  74  5:24  Drone x2  
  74  5:27  Extractor x2  
  76  5:31  Zergling x2  
  76  5:34  Drone x6  
  82  5:37  Overlord  
  82  5:43  Overlord  
  82  5:44  Drone  
  82  5:45  Drone  
  82  5:48  Drone x3  
  86  5:50  Extractor x2  
  86  5:51  Drone  
  86  5:52  Spore Crawler  
  86  5:55  Overlord  
  84  5:58  Zergling x14  
  84  6:04  Zergling x2  
  91  6:11  Zergling x6  
  92  6:14  Extractor  
  92  6:16  Glial Reconstitution  
  91  6:18  Drone x5, Spire  
  91  6:23  Drone  
  91  6:24  Drone x3  
  99  6:26  Zerg Melee Weapons Level 2  
  99  6:27  Drone  
  99  6:28  Overlord  
  99  6:29  Drone  
  99  6:32  Drone x2  
  103  6:38  Drone x4  
  107  6:41  Overlord  
  107  6:47  Zergling x2  
  107  6:48  Zergling x8  
  107  6:52  Zergling x10  
  114  6:59  Zergling x6  
  112  7:02  Zergling x6, Extractor  
  112  7:04  Extractor, Spore Crawler  
  111  7:11  Drone x3  
  111  7:12  Drone  
  111  7:17  Drone x2  
  113  7:26  Overlord  
  107  7:32  Mutalisk x11  
  107  7:34  Zergling x2  
  129  7:41  Zerg Flyer Weapons Level 1, Overlord x2  
  129  7:42  Overlord  
  128  7:45  Zergling x12  
  128  7:50  Mutalisk x3  
  140  7:54  Drone x4  
  140  7:57  Zergling x6  
  145  8:03  Mutalisk  
  145  8:04  Mutalisk  
  148  8:05  Zergling x2  
  148  8:06  Zergling x6  
  148  8:10  Zergling x6  
  143  8:21  Mutalisk x4  
  146  8:27  Zergling x16  
  154  8:36  Zergling x10  
  154  8:40  Mutalisk x2  
  163  8:48  Hatchery  
  155  8:49  Mutalisk x4  
  155  8:52  Zergling x6  
  159  8:59  Zergling x8  
  157  9:09  Corruptor x5  
  159  9:13  Corruptor  
  152  9:17  Zergling x10  
  152  9:22  Zerg Ground Armor Level 1  
  153  9:25  Zergling x2  
  153  9:26  Zergling x10  
  153  9:30  Corruptor x2  
  163  9:38  Zerg Flyer Armor Level 1  
  163  9:43  Mutalisk x2  
  163  9:45  Zergling x16  
  175  9:51  Overlord x3  
  175  9:55  Overlord x2  
  175  10:03  Mutalisk x3  
  181  10:07  Overlord  
  181  10:08  Overlord  
  181  10:18  Mutalisk x4  
  181  10:20  Zergling x6  
  181  10:21  Zergling x12  
  196  10:26  Corruptor x2  
  195  10:30  Zergling x10  
  195  10:35  Corruptor  
  198  10:37  Zergling x2  
  198  10:38  Zergling x2  
  187  11:03  Mutalisk x7  
  191  11:07  Zergling x14  
  189  11:16  Corruptor x3  
  187  11:22  Zergling x12  
  187  11:23  Zergling x10  
  198  11:42  Extractor  
  198  11:43  Zerg Flyer Weapons Level 2, Zerg Ground Armor Level 2, Extractor  
  196  11:53  Hydralisk Den  
  195  11:55  Baneling Nest  
  195  11:56  Zergling x10  
  190  12:07  Zergling x20  
  157  12:15  Zergling x20  
  157  12:23  Zergling x36  
  157  12:25  Grooved Spines  
  171  12:31  Hydralisk x8  
  187  12:38  Centrifugal Hooks  
  187  12:39  Hydralisk x4  
  195  12:46  Zergling x8  
  196  13:01  Hydralisk x3  
  196  13:04  Baneling x8  
  196  13:05  Baneling x19  
  192  13:15  Muscular Augments  
  192  13:17  Zergling x2  
  192  13:18  Zergling x14  
  200  13:27  Infestation Pit  
  200  13:30  Baneling x14  
  200  13:32  Hatchery  
  198  13:35  Zergling x4  
  150  14:04  Zergling x2  

Tags
 
Add a new tag
Caveats
  • Supply blocks, unpowered buildings, or Contaminate may cause inaccurate times.
  • Supply counts are checked every 10 seconds.